[Event "Late-Titled-Tuesday-Blitz-February-13-2024"]
[Site "Chess.com"]
[Date "2024.02.13"]
[Round "5"]
[White "Dinamo3"]
[Black "Rinqed222"]
[Result "1/2-1/2"]
[WhiteElo "2527"]
[BlackElo "2283"]
[TimeControl "180+1"]
[EndTime "14:56:22 PST"]
[Termination "Game drawn by repetition"]

1. c4 Nf6 2. Nc3 g6 3. g3 Bg7 4. Bg2 O-O 5. d3 d6 6. e4 c5 7. Nge2 Nc6 8. O-O a6 9. a4 Nd4 10. Rb1 Nd7 11. b4 cxb4 12. Rxb4 Nc5 13. Be3 Nxe2+ 14.
Nxe2 Qa5 15. Bd2 Qc7 16. Qc2 Ne6 17. Bc3 Bd7 18. Bxg7 Kxg7 19. Qb2+ Kg8 20. Rxb7 Qc8 21. d4 Be8 22. Rb1 Qxc4 23. Rxe7 Bxa4 24. Rc1 Rfb8 25.
Rxc4 Rxb2 26. Rxa4 Rxe2 27. Bf1 Rxe4 28. Bxa6 Rxd4 29. Rxd4 Nxd4 30. Bb7 Ra7 31. Re8+ Kg7 32. Bd5 Ra5 33. Bc4 Re5 34. Rd8 d5 35. Bd3 Nf3+ 36. Kf1 Ng5 37. f4 Re3 38. Be2 Ne4 39. Rxd5 Rxe2 40.
Re5 Nc3 41. Rxe2 Nxe2 42. Kxe2 Kf6 43. Kf3 Kf5 44. g4+ Kf6 45. Ke4 h5 46. g5+ Ke6 47. h3 f6 48. h4 f5+ 49. Kd4 Kd6 50. Kc4 Kc6 51. Kd4 Kd6 52. Kc4 Kc6 53. Kd4 Kd6 1/2-1/2

[Event "Late-Titled-Tuesday-Blitz-February-13-2024"]
[Site "Chess.com"]
[Date "2024.02.13"]
[Round "5"]
[White "Atousa"]
[Black "elgrona"]
[Result "0-1"]
[WhiteElo "2529"]
[BlackElo "2352"]
[TimeControl "180+1"]
[EndTime "14:56:23 PST"]
[Termination "elgrona won by resignation"]

1. Nf3 Nf6 2. g3 g6 3. Bg2 Bg7 4. O-O d6 5. d3 c5 6. e4 Nc6 7. Nbd2 O-O 8. a4 Rb8 9. h3 a6 10. Re1 Nd7 11. c3 b5 12. d4 b4 13. Nf1 Na5 14.
dxc5 Nxc5 15. cxb4 Rxb4 16. e5 Nab3 17. Ra3 dxe5 18.
Bd2 Nxd2 19. N1xd2 Rxb2 20. Nc4 Qxd1 21. Rxd1 Rb4 22.
Ncxe5 Rxa4 23. Rxa4 Nxa4 24. Nc6 Bf6 25. g4 h6 26. Nd2 Nc3 27. Re1 e6 28. Ne4 Kg7 29. Nxc3 Bxc3 30. Rc1 Bf6 31. Na7 Bd7 32. Bc6 Bxc6 33.
Rxc6 a5 34. Ra6 Ra8 35. Rxa5 Bd4 36. Nc6 Rxa5 37. Nxa5 Kf6 38. Nc4 Kg5 39. Kg2 Kf4 40. Nd6 f6 41. Nf7 h5 42. gxh5 gxh5 43. Nd8 e5 44.
Ne6+ Kf5 45. Ng7+ Kg6 46. Ne6 Bb6 47. Kg3 h4+ 48. Kg4 Bxf2 49. Nc7 Bg3 50. Nd5 e4 51. Ne3 Bf2 52. Nf5 e3 53. Nd4 f5+ 54. Kf3 Kf6 55. Nc2 Ke5 56. Nb4 Kd4 57. Nc6+ Kd3 58. Ne5+ Kd2 59.
Nc4+ Ke1 60. Nxe3 Bxe3 61. Kxe3 Kf1 62. Kf3 Kg1 63. Kf4 Kg2 64. Kxf5 Kxh3 65. Kf4 Kg2 66. Ke3 h3 0-1

[Event "Late-Titled-Tuesday-Blitz-February-13-2024"]
[Site "Chess.com"]
[Date "2024.02.13"]
[Round "5"]
[White "LyonBeast"]
[Black "h4parah5"]
[Result "1-0"]
[WhiteElo "3181"]
[BlackElo "2966"]
[TimeControl "180+1"]
[EndTime "14:56:25 PST"]
[Termination "LyonBeast won on time"]

1. e4 e5 2. Nf3 Nc6 3. Bc4 Bc5 4. d3 Nf6 5. Nc3 h6 6. Nd5 d6 7. c3 Nxd5 8. exd5 Ne7 9. O-O O-O 10. d4 exd4 11. Nxd4 Nf5 12. Nb3 Bb6 13. g3 Re8 14. Bd3 Ne7 15. Qh5 Qd7 16. a4 a6 17. a5 Ba7 18.
Re1 Ng6 19. Bxh6 Ne5 20. Bxg7 Qh3 21. Qxh3 Nf3+ 22. Kh1 Rxe1+ 23. Rxe1 Bxh3 24. Re7 Kxg7 25. Be2 Kf6 26. Rxc7 Re8 27. Nc1 Bxf2 28. Rc4 Be3 29. Nd3 Nd2 30. Rh4 Bf5 31. Rb4 Bc5 32. Nxc5 Rxe2 33. Rf4 dxc5 34. g4 Kg5 35. Rxf5+ Kxg4 36. Rxf7 Nf3 37. Rg7+ Kf4 38. Rf7+ Ke4 39. Re7+ Ne5 40. d6 Rd2 41. Rxb7 Rxd6 42. Kg2 Nc4 43. b4 cxb4 44. cxb4 Na3 45. h4 Nb5 46. Kg3 Kd4 47. Rb6 Kc4 48.
h5 Kxb4 49. Rxd6 Nxd6 50. Kf4 Kxa5 51. h6 1-0

[Event "Late-Titled-Tuesday-Blitz-February-13-2024"]
[Site "Chess.com"]
[Date "2024.02.13"]
[Round "5"]
[White "GianmarcoVaR"]
[Black "DonkyDonkyDonkey"]
[Result "1/2-1/2"]
[WhiteElo "2728"]
[BlackElo "2951"]
[TimeControl "180+1"]
[EndTime "14:56:25 PST"]
[Termination "Game drawn by repetition"]

1. e4 c5 2. Nf3 d6 3. d4 cxd4 4.
Nxd4 Nf6 5. Nc3 a6 6. g3 g6 7. Bg2 Bg7 8. O-O O-O 9. h3 Qc7 10. Be3 Nc6 11. Nde2 b5 12. a4 b4 13. Nd5 Nxd5 14. exd5 Ne5 15. Bd4 Bb7 16. Qd2 a5 17. b3 Rac8 18. Rac1 e6 19. Nf4 Qe7 20.
Rfe1 Rfd8 21. Bb6 Rf8 22. Bxa5 exd5 23. Nxd5 Qd7 24. Bxb4 Rb8 25. Ba3 Kh8 26. c4 Bxd5 27. Qxd5 Rxb3 28. Bxd6 Rd3 29. Bxf8 Rxd5 30. Bxg7+ Kxg7 31. Bxd5 Nd3 32. Rb1 Nxe1 33. Rxe1 Qxa4 34. Re7 Kf6 35.
Rxf7+ Ke5 36. Rxh7 Kd4 37. Rf7 Kd3 38. h4 Ke2 39. Kg2 Qa3 40. Rf6 Qc1 41. Re6+ Kd2 42. Rxg6 Ke2 43. Re6+ Kd2 44. Re3 Qa1 45. g4 Qd4 46.
Re4 Qf6 47. g5 Qf5 48. Kg3 Kd3 49. Rf4 Qe5 50. g6 Ke2 51. Kg4 Qg7 52. h5 Qa1 53.
Kg5 Qg1+ 54. Kf6 Qa1+ 55. Ke6 Qc1 56. Re4+ Kd3 57. Kf7 Qg5 58. Re6 Qxh5 59. Rf6 Kd4 60. f4 Qh8 61. g7 Qh5+ 62. Kf8 Qh4 63. Kf7 Qh5+ 64. Kf8 Qh4 65. Rd6 Qxf4+ 66. Ke7 Qg5+ 67. Kf8 Qf4+ 68. Ke7 Qg5+ 69. Kf8 Qf4+ 1/2-1/2

[Event "Late-Titled-Tuesday-Blitz-February-13-2024"]
[Site "Chess.com"]
[Date "2024.02.13"]
[Round "5"]
[White "IngOscarArdila"]
[Black "ural58"]
[Result "0-1"]
[WhiteElo "2315"]
[BlackElo "2518"]
[TimeControl "180+1"]
[EndTime "14:56:27 PST"]
[Termination "ural58 won on time"]

1. d4 d5 2. c4 e5 3. dxe5 d4 4. Nf3 Nc6 5. g3 Nge7 6. Bg2 Ng6 7. O-O Ngxe5 8. Nbd2 Nxf3+ 9. Nxf3 Be7 10. b3 O-O 11. Bb2 Bf6 12. Qd2 Bg4 13. Rad1 Qd7 14. Rfe1 Rad8 15.
b4 b6 16. b5 Na5 17. Rc1 Rfe8 18. Ba3 d3 19. exd3 Bxf3 20. Rxe8+ Qxe8 21. Bxf3 h6 22. Bb4 Bg5 23. Qc2 Bxc1 24. Qxc1 Rxd3 25. Bd5 Qe2 26.
Qf4 Rxd5 27. cxd5 Qd1+ 28. Kg2 Qxd5+ 29. f3 Qxb5 30. Bc3 Qe2+ 31. Kh3 Qe6+ 32. g4 Qc4 33.
Qe5 f6 34. Qe3 Nc6 35. Kg3 Qf7 36. Qe4 Qd7 37. Qf5 Qxf5 38. gxf5 Kf7 39. Kf4 a5 40. Ke4 Ke8 41. Kd5 Kd7 42. a3 Ne7+ 43. Ke4 c6 44. h4 b5 45. f4 a4 46. Bb4 Nd5 47. Bf8 Ke8 48. Bxg7 h5 0-1

[Event "Late-Titled-Tuesday-Blitz-February-13-2024"]
[Site "Chess.com"]
[Date "2024.02.13"]
[Round "5"]
[White "mjelcic"]
[Black "ATM622"]
[Result "1-0"]
[WhiteElo "2227"]
[BlackElo "2480"]
[TimeControl "180+1"]
[EndTime "14:56:28 PST"]
[Termination "mjelcic won on time"]

1. d4 Nf6 2. c4 e6 3. g3 d5 4. Bg2 dxc4 5. Qa4+ Bd7 6. Qxc4 Bc6 7.
Nf3 Nbd7 8. O-O Bd5 9. Qa4 c5 10. Nc3 Bc6 11. Qd1 cxd4 12. Qxd4 Be7 13. Rd1 O-O 14. Bf4 Qb6 15. Qxb6 Nxb6 16. Bd6 Bxd6 17. Rxd6 Nc4 18. Rd4 Nb6 19. Rad1 h6 20. Ne5 Bxg2 21. Kxg2 Rac8 22. e4 Rc5 23. f4 Rfc8 24. Rd8+ Kh7 25. Nxf7 Ng4 26. Rxc8 Rxc8 27. Rd8 Rc7 28. Nd6 Ne3+ 29.
Kf3 Nec4 30. Nxc4 Nxc4 31. Nb5 Rc5 32. Nxa7 Nxb2 33. Rd7 b6 34. Rd6 Ra5 35. Rxb6 Nc4 36. Rb7 Ra3+ 37. Ke2 Rxa2+ 38. Kd3 Nb2+ 39. Kd4 Ra4+ 40.
Ke5 Nc4+ 41. Kxe6 Na5 42. Rc7 Rxe4+ 43. Kf5 Re2 44. Kg4 Nb3 45. Nb5 Rxh2 46. Nd6 Re2 47.
Nf5 1-0

[Event "Late-Titled-Tuesday-Blitz-February-13-2024"]
[Site "Chess.com"]
[Date "2024.02.13"]
[Round "5"]
[White "Fandorine"]
[Black "KacperKacprzak"]
[Result "1-0"]
[WhiteElo "2953"]
[BlackElo "2716"]
[TimeControl "180+1"]
[EndTime "14:56:29 PST"]
[Termination "Fandorine won by resignation"]

1. d4 Nf6 2. c4 e6 3. Nc3 d5 4.
cxd5 exd5 5. Bg5 c6 6. e3 Bd6 7. Bd3 O-O 8. Nge2 Re8 9. Qc2 h6 10. Bh4 a5 11. h3 Na6 12. a3 Nc7 13. O-O Ne6 14. Rae1 Ng5 15. f4 Ne6 16. Bf2 b5 17.
Ng3 b4 18. axb4 axb4 19. Na4 Ba6 20. Bxa6 Rxa6 21. b3 Ne4 22. Nxe4 dxe4 23. Qxe4 Nxf4 24. Qf5 Nd5 25. e4 Nc3 26. Bh4 Qc7 27. e5 Bf8 28. e6 fxe6 29. Rxe6 Raa8 30. Nxc3 bxc3 31. Rxe8 Rxe8 32.
Qd3 Bb4 33. Qc4+ Kh7 34. Qxb4 Re4 35. Bf2 c2 36. Qc3 Qe7 37. Qxc2 Kh8 38. Qxc6 Re2 39. Qc8+ Kh7 40. Qf5+ Kg8 41. d5 Re5 42. Qc8+ Kh7 43. Qc2+ Kg8 44. Qd3 Qd7 45. d6 Rg5 46. Bg3 h5 47. Kh2 g6 48. Qc4+ Kg7 49. Qc7 Qxc7 50. dxc7 Rc5 51. b4 Rc2 52. b5 g5 53. b6 h4 54. Be5+ Kg6 55. b7 g4 56. hxg4 1-0

[Event "Late-Titled-Tuesday-Blitz-February-13-2024"]
[Site "Chess.com"]
[Date "2024.02.13"]
[Round "5"]
[White "BozeKat"]
[Black "Rawnsdale"]
[Result "0-1"]
[WhiteElo "2040"]
[BlackElo "2532"]
[TimeControl "180+1"]
[EndTime "14:56:29 PST"]
[Termination "Rawnsdale won on time"]

1. c4 Nf6 2. g3 e6 3. Bg2 d5 4. d4 Be7 5. Nf3 O-O 6. O-O dxc4 7. Ne5 Nc6 8. Nxc6 bxc6 9. Bxc6 Rb8 10. Bg2 Bb7 11. f3 c5 12. dxc5 Bxc5+ 13. Kh1 Qe7 14.
Qc2 Rfc8 15. Bg5 h6 16. Bd2 Nd5 17. e4 Nb6 18. Nc3 Rd8 19. Rad1 Rd3 20. Rfe1 Rbd8 21. f4 Qd7 22. Bc1 Bb4 23. Bf1 Bxc3 24. Bxd3 Bxe1 25. Be2 Qc7 26. Rxe1 f5 27. Bf3 Rd3 28. Kg2 Rxf3 29.
Kxf3 Bxe4+ 30. Rxe4 fxe4+ 31. Qxe4 Kf7 32. Bd2 Nd5 33. f5 Qd7 34. fxe6+ Qxe6 35. Qxe6+ Kxe6 36. Ke4 h5 37. Kd4 Nb6 38. Ba5 Na4 39. Bc3 Nb6 40.
Kc5 g5 41. Kb4 Kd5 42. a4 Nd7 43. Kb5 Nc5 44. a5 Ne4 45. Ka6 h4 46. Kxa7 hxg3 47.
hxg3 Nxg3 48. Kb7 Nf5 49. a6 Nd6+ 50. Kb6 g4 51. Be1 c3 0-1

[Event "Late-Titled-Tuesday-Blitz-February-13-2024"]
[Site "Chess.com"]
[Date "2024.02.13"]
[Round "5"]
[White "hristos03"]
[Black "miraitrunks"]
[Result "0-1"]
[WhiteElo "2365"]
[BlackElo "2216"]
[TimeControl "180+1"]
[EndTime "14:56:29 PST"]
[Termination "miraitrunks won by resignation"]

1. e4 c5 2. Nf3 d6 3. d4 cxd4 4. Nxd4 Nf6 5. Nc3 g6 6. Be3 Bg7 7. f3 O-O 8. Qd2 Nc6 9. O-O-O d5 10. exd5 Nxd5 11. Nxc6 bxc6 12. Bd4 e5 13. Bc5 Re8 14. Ne4 Qh4 15. g3 Qh5 16. Qf2 Bh3 17. Bc4 Rad8 18.
Kb1 Be6 19. Bb3 Rb8 20. h4 f5 21. Ng5 a5 22. Nxe6 Rxe6 23. Rxd5 cxd5 24. Bxd5 Kf7 25. Qd2 Re8 26. Rf1 f4 27. gxf4 Qxh4 28. fxe5 Bxe5 29.
Qxa5 Qh3 30. Qb5 Rb8 31. Qd7+ Kf6 32. Qxe6+ Qxe6 33. Bxe6 Kxe6 34. b3 h5 35. Be3 h4 36.
Bg5 h3 37. f4 Bc3 38. Rh1 Rh8 39. Kc1 Kf5 40. Kd1 Kg4 41. Ke2 Kg3 42. Be7 Bd4 43.
Bd6 Kg2 44. Rd1 h2 45. f5 h1=Q 46. Rxd4 Qf1+ 0-1

[Event "Late-Titled-Tuesday-Blitz-February-13-2024"]
[Site "Chess.com"]
[Date "2024.02.13"]
[Round "5"]
[White "zajka-molotok"]
[Black "TorFredrikKaasen"]
[Result "0-1"]
[WhiteElo "2503"]
[BlackElo "2800"]
[TimeControl "180+1"]
[EndTime "14:56:30 PST"]
[Termination "TorFredrikKaasen won on time"]

1. b4 d5 2. Bb2 Bf5 3. e3 e6 4.
Nf3 Nf6 5. b5 h6 6. Be2 Bd6 7.
O-O O-O 8. c4 Qe7 9. d4 c5 10.
a4 Rd8 11. Nc3 dxc4 12. Bxc4 cxd4 13. Nxd4 Bg6 14. Qf3 Qc7 15. Bxe6 Bxh2+ 16. Kh1 Be5 17. Nd5 Nxd5 18. Bxd5 Qe7 19. Bxb7 Nd7 20. Bxa8 Qh4+ 21.
Qh3 Qxh3+ 22. gxh3 Rxa8 23. Rad1 Nc5 24. a5 Nd3 25. Ba1 Rc8 26. f4 Be4+ 27. Nf3 Bxa1 28. Rxa1 Rc2 29. Kg1 Re2 30. Ra4 f5 31. b6 axb6 32.
axb6 Rxe3 33. Rxe4 Rxe4 34. Rb1 Re8 35. Nd4 Nc5 36.
Nc6 Nb7 37. Ne5 Re6 38. Kf2 g5 39. Ke3 Rd6 40. Nc4 Rd5 41. Ra1 gxf4+ 42. Kf3 Rd3+ 43.
Ke2 Rc3 44. Ne5 Rb3 45. Nd7 Nd6 46. Rd1 Ne4 47. Rc1 f3+ 48. Ke1 Rb2 49. Kf1 Ng3+ 50. Kg1 f2+ 51. Kg2 f1=Q+ 0-1

[Event "Late-Titled-Tuesday-Blitz-February-13-2024"]
[Site "Chess.com"]
[Date "2024.02.13"]
[Round "5"]
[White "delqate"]
[Black "AldokhinIvan"]
[Result "0-1"]
[WhiteElo "2497"]
[BlackElo "2661"]
[TimeControl "180+1"]
[EndTime "14:56:30 PST"]
[Termination "AldokhinIvan won on time"]

1. d4 Nf6 2. Bf4 d6 3. Nc3 b6 4. e4 Bb7 5. e5 Nfd7 6. e6 fxe6 7. Qg4 Nf6 8. Qxe6 Qd7 9. Qxd7+ Nbxd7 10. O-O-O e5 11.
dxe5 dxe5 12. Bg5 Bc5 13. Bb5 O-O-O 14. f3 h6 15. Bxf6 Nxf6 16. Nge2 e4 17. Rhf1 exf3 18. gxf3 Rhf8 19. Rxd8+ Kxd8 20. Kb1 Kc8 21. Nf4 Bd6 22.
Ne6 Rf7 23. f4 Nd5 24. Ne4 Bxf4 25. Nxf4 Rxf4 26. Rxf4 Nxf4 27. Ng3 g6 28. Kc1 a6 29.
Bc4 Kd7 30. Kd2 b5 31. Bf1 Ke6 32. Ke3 Ke5 33. a4 bxa4 34. Bc4 g5 35. Kf2 h5 36.
Ke3 h4 37. Nf1 g4 38. Bf7 Nd5+ 39. Kd3 Nf4+ 40. Ke3 Bd5 41. Be8 c6 42. Bd7 Ne6 43. Bc8 Nd4 44. Bxa6 Nxc2+ 45. Kd2 Nd4 46. Ne3 Nf3+ 47.
Ke2 Nxh2 48. Bc8 Bf3+ 49. Kf2 Kf4 0-1

[Event "Late-Titled-Tuesday-Blitz-February-13-2024"]
[Site "Chess.com"]
[Date "2024.02.13"]
[Round "5"]
[White "Slovak_fighter2000"]
[Black "Witik"]
[Result "0-1"]
[WhiteElo "2496"]
[BlackElo "2659"]
[TimeControl "180+1"]
[EndTime "14:56:30 PST"]
[Termination "Witik won on time"]

1. a3 d5 2. Nf3 Nf6 3. b4 Bg4 4. e3 Nbd7 5. Bb2 a5 6. b5 e5 7. h3 Bxf3 8. Qxf3 Bd6 9. Be2 O-O 10. g4 e4 11. Qf5 g6 12. Qg5 Re8 13. c4 Be5 14. Nc3 d4 15. exd4 Bxd4 16. O-O-O Nc5 17. Kb1 Qd6 18. f3 Rad8 19. h4 exf3 20. Bxf3 Nfe4 21. Bxe4 Nxe4 22. Nxe4 Rxe4 23. Rhe1 Rxe1 24. Rxe1 Bxb2 25.
Kxb2 Qd4+ 26. Kb1 Qd3+ 27. Kb2 Rf8 28. Qf4 a4 29. Qe3 Qxc4 30. b6 Qb5+ 31. Ka1 cxb6 32. Rb1 Qd7 33. Rxb6 Qxg4 34. Rxb7 Qxh4 35. Rb4 Qf6+ 36.
Ka2 Ra8 37. Qe4 Qe6+ 38. Qxe6 fxe6 39. Rb7 h5 40. Re7 Rd8 41. Kb2 Rxd2+ 42. Kc3 Re2 43. Kb4 Re4+ 44. Kc5 h4 45. Kd6 h3 0-1

[Event "Late-Titled-Tuesday-Blitz-February-13-2024"]
[Site "Chess.com"]
[Date "2024.02.13"]
[Round "5"]
[White "Jarrahi2452"]
[Black "Baronessa08"]
[Result "1-0"]
[WhiteElo "2818"]
[BlackElo "2544"]
[TimeControl "180+1"]
[EndTime "14:56:31 PST"]
[Termination "Jarrahi2452 won by checkmate"]

1. d4 d5 2. c4 c6 3. cxd5 cxd5 4. Nc3 Nf6 5. Bf4 a6 6. f3 Nc6 7. e3 g6 8. Bd3 Bg7 9. Nge2 O-O 10. O-O Nh5 11.
Bg5 h6 12. Bh4 g5 13. Bf2 f5 14. Ng3 Nxg3 15. hxg3 e6 16. Bc2 Bd7 17. a3 Rc8 18. Bd3 Ne7 19. Rc1 Qb6 20. b4 Rc7 21. Na4 Bxa4 22.
Qxa4 Rfc8 23. Rc5 Ng6 24. Rfc1 Bf8 25. Rxc7 Rxc7 26. Qd1 Bd6 27. Rxc7 Qxc7 28. Qe1 Ne7 29. e4 Qd7 30. Qe2 Bc7 31. exf5 Nxf5 32. g4 Ne7 33. b5 a5 34. Qc2 Bd6 35. a4 Qc7 36. Qe2 Kf7 37. Be3 Bf4 38. Qd2 Bxe3+ 39. Qxe3 Qd6 40. Kf2 b6 41. g3 Qb4 42. f4 Qxa4 43. fxg5 hxg5 44.
Qxg5 Qa2+ 45. Ke3 Qb3 46. Qh5+ Kf8 47. Qh6+ Ke8 48. Qxe6 a4 49. g5 a3 50. g6 a2 51.
g7 Kd8 52. g8=Q+ Nxg8 53. Qxg8+ Kd7 54. Qa8 Qb2 55. Qxd5+ Ke8 56. Bg6+ Ke7 57. Qe5+ Kd7 58. Bf5+ Kd8 59. Qd6+ Ke8 60. Bg6# 1-0

[Event "Late-Titled-Tuesday-Blitz-February-13-2024"]
[Site "Chess.com"]
[Date "2024.02.13"]
[Round "5"]
[White "MetiForce"]
[Black "manitodeplomo"]
[Result "1-0"]
[WhiteElo "2863"]
[BlackElo "2640"]
[TimeControl "180+1"]
[EndTime "14:56:33 PST"]
[Termination "MetiForce won on time"]

1. d4 g6 2. c4 Bg7 3. e4 d6 4. Nc3 Nf6 5. Be2 O-O 6. Nf3 c5 7. d5 e5 8. O-O Nbd7 9. a3 a6 10.
b4 b6 11. Rb1 Kh8 12. g3 Ng8 13. Nh4 Bh6 14. Kh1 Bxc1 15. Qxc1 Kg7 16. Ng2 Nh6 17. f4 f6 18. Rf2 Qe7 19. Bd1 cxb4 20. axb4 a5 21. Ra2 Ba6 22. Be2 axb4 23. Rxb4 Rfb8 24.
Qa1 Bb7 25. Rba4 Rxa4 26. Rxa4 Nc5 27. Ra7 Qd8 28. Nb5 Nf7 29. Bf3 Ra8 30. Ne3 Qb8 31.
Rxa8 Qxa8 32. Qxa8 Bxa8 33. Kg2 Bb7 34. h4 Ba6 35. Nc7 Bb7 36. Bg4 Kf8 37. Kf3 Ke7 38. Be6 Nxe6 39. Nxe6 Bc8 40. Nc7 Bd7 41. Na8 Bc8 42.
Nxb6 Ba6 43. f5 Nd8 44. fxg6 hxg6 45. g4 Nb7 46. h5 Kf7 47. Nc8 Kg7 48. hxg6 Kxg6 49. Nf5 Kg5 50. Ncxd6 Nxd6 51. Nxd6 1-0

[Event "Late-Titled-Tuesday-Blitz-February-13-2024"]
[Site "Chess.com"]
[Date "2024.02.13"]
[Round "5"]
[White "sergiochess83"]
[Black "GMBenjaminBok"]
[Result "0-1"]
[WhiteElo "2841"]
[BlackElo "2982"]
[TimeControl "180+1"]
[EndTime "14:56:34 PST"]
[Termination "GMBenjaminBok won on time"]

1. d4 Nf6 2. c4 e6 3. Nf3 b6 4. g3 Ba6 5. Qa4 Bb7 6. Bg2 c5 7.
dxc5 bxc5 8. O-O Be7 9. Nc3 O-O 10. Bf4 Qb6 11. Qb5 d6 12. Rfd1 Rd8 13. Rd2 Ne4 14. Qxb6 axb6 15. Nxe4 Bxe4 16. Rad1 d5 17. cxd5 exd5 18.
Bxb8 Rdxb8 19. Ne5 Bxg2 20. Kxg2 d4 21. a3 Re8 22.
Rc2 g6 23. Kf3 b5 24. e3 dxe3 25. fxe3 c4 26. Rd5 Rab8 27. e4 Rb7 28. Rcd2 Kg7 29. Rd1 Bf6 30. Nc6 Bxb2 31. e5 Rc7 32. Nd4 Bxd4 33. R1xd4 c3 34. Rd1 c2 35. Rc1 Ra8 36. Rxb5 Rxa3+ 37. Ke2 Rac3 38. Kd2 R3c4 39. Rb3 h5 40. Rd3 R4c5 41. h4 Rxe5 42. Rxc2 Rxc2+ 43. Kxc2 Kf6 44. Kd2 Kf5 45. Rf3+ Kg4 46. Rxf7 Re6 47.
Rf4+ Kxg3 48. Ra4 Rf6 49. Ke3 Re6+ 50. Kd2 Re5 51. Rb4 Rf5 52. Ke2 Rf4 53. Rb6 Rg4 0-1

[Event "Late-Titled-Tuesday-Blitz-February-13-2024"]
[Site "Chess.com"]
[Date "2024.02.13"]
[Round "5"]
[White "Alexei_Gubajdullin"]
[Black "rezamahdavi2008"]
[Result "0-1"]
[WhiteElo "2638"]
[BlackElo "2863"]
[TimeControl "180+1"]
[EndTime "14:56:34 PST"]
[Termination "rezamahdavi2008 won by checkmate"]

1. Nf3 Nf6 2. g3 b6 3. Bh3 Bb7 4. O-O g6 5. c4 Bg7 6. Nc3 O-O 7. d4 Ne4 8. Nxe4 Bxe4 9. d5 Bxf3 10. exf3 c6 11. Re1 cxd5 12. cxd5 d6 13. Qa4 a5 14. Bg5 Bf6 15. Bxf6 exf6 16. Re2 Na6 17. Rae1 Nc5 18. Qh4 f5 19. Qf4 Nd3 20. Qd4 Nxe1 21. Rxe1 Qc7 22.
g4 fxg4 23. fxg4 Rfe8 24. Rd1 Qc5 25. Qf4 Re5 26. Rd3 Rae8 27. Bf1 R8e7 28. Rf3 Qxd5 29. Bc4 Qd1+ 30. Kg2 d5 31. Bb3 Qe2 32. Qf6 Qe4 33. h3 R5e6 34. Qg5 Rd7 35. a3 a4 36. Ba2 Qe5 37. Qd2 Qe4 38. Qc3 Rdd6 39. g5 Qe5 40. Qc8+ Kg7 41. h4 Qe4 42. Qc7 Qg4+ 43. Rg3 Qxh4 44.
Qb7 Re5 45. Qc7 Rde6 46. Qc3 Qe4+ 47. Kh2 Qe1 48. Qd4 Qe4 49. Qc3 Kg8 50. Kg1 Qe1+ 51. Kg2 Qxc3 52. Rxc3 Rxg5+ 53. Kf1 h5 54. Rc8+ Kg7 55.
Rd8 Ree5 56. Bb1 Rg4 57. f3 Rf4 58. Kg2 h4 59. Ba2 Re2+ 60. Kh3 Rxf3+ 61. Kxh4 Re4+ 62. Kg5 Rf5# 0-1

[Event "Late-Titled-Tuesday-Blitz-February-13-2024"]
[Site "Chess.com"]
[Date "2024.02.13"]
[Round "5"]
[White "ninguno46"]
[Black "lucasran"]
[Result "0-1"]
[WhiteElo "2498"]
[BlackElo "2662"]
[TimeControl "180+1"]
[EndTime "14:56:34 PST"]
[Termination "lucasran won by resignation"]

1. e4 c6 2. d4 d5 3. exd5 cxd5 4. Bd3 Nc6 5. c3 Nf6 6. Bf4 Bg4 7. Qb3 Qd7 8. Nd2 e6 9. Ngf3 Bd6 10. Bg3 Qc7 11. O-O O-O 12. Rae1 Bh5 13. Qc2 Bg6 14. Bxg6 hxg6 15.
Bh4 Rac8 16. Qd3 a6 17. Bxf6 gxf6 18. h4 Kg7 19. Re2 Rh8 20. g3 b5 21. a3 Na5 22. Kg2 Nc4 23. Nb3 a5 24. Rc2 Qb6 25. Re2 b4 26. cxb4 axb4 27. a4 Ra8 28. Ra1 Qc6 29.
a5 Qb5 30. Rc2 Rhb8 31. h5 gxh5 32. Qe2 Nxa5 33. Rxa5 Rxa5 34. Nxa5 Qxa5 35. Nh4 Rh8 36. Rc6 Qd8 37. Qa6 Be7 38. Qb7 f5 39. Rc7 Bxh4 40.
Rxf7+ Kh6 41. Qc6 Bf6 42. Qxe6 Kg6 43. Rd7 Qe8 44. Qxd5 Qe4+ 45. Qxe4 fxe4 46. Rb7 Rd8 47. Rxb4 Rxd4 48. Rxd4 Bxd4 49. b4 Kf5 50. Kf1 Kg4 51. Ke2 Bb6 52. b5 Bc5 0-1

[Event "Late-Titled-Tuesday-Blitz-February-13-2024"]
[Site "Chess.com"]
[Date "2024.02.13"]
[Round "5"]
[White "subham777"]
[Black "CaspiIsrael"]
[Result "1-0"]
[WhiteElo "2540"]
[BlackElo "2804"]
[TimeControl "180+1"]
[EndTime "14:56:36 PST"]
[Termination "subham777 won by checkmate"]

1. e4 d5 2. exd5 Qxd5 3. Nf3 Bg4 4. Nc3 Qe6+ 5. Be2 Bxf3 6. gxf3 Nc6 7. d4 O-O-O 8. Be3 Nf6 9. Qd3 Nb4 10. Qd2 g6 11. a3 Nbd5 12. Nxd5 Nxd5 13. c4 Nxe3 14. fxe3 Bg7 15. O-O-O Kb8 16. Kb1 Qh3 17. Rdg1 Qf5+ 18. Qc2 Qxc2+ 19. Kxc2 e5 20. d5 f5 21. e4 fxe4 22.
fxe4 Bh6 23. h4 Be3 24. Rf1 Rhf8 25. Kd3 Bd4 26. b4 c6 27. h5 cxd5 28. exd5 g5 29.
Rxf8 Rxf8 30. Rf1 Bf2 31. Ke4 b6 32. d6 Kc8 33. c5 bxc5 34. bxc5 Rf4+ 35. Kd5 g4 36.
Bxg4+ Kd8 37. c6 Rd4+ 38. Ke6 Rxg4 39. Rxf2 Rg8 40. Kxe5 Re8+ 41. Kd5 Rg8 42. Rf5 h6 43. Re5 Rg1 44. c7+ Kd7 45. Re7+ Kc8 46. Re8+ Kb7 47. c8=Q+ Kb6 48. Qc5+ Ka6 49. Qxg1 Ka5 50. Qxa7+ Kb5 51. Qc7 Ka4 52. Rb8 Kxa3 53. Qa7# 1-0

[Event "Late-Titled-Tuesday-Blitz-February-13-2024"]
[Site "Chess.com"]
[Date "2024.02.13"]
[Round "5"]
[White "aa175"]
[Black "Elsa167"]
[Result "1-0"]
[WhiteElo "2701"]
[BlackElo "2871"]
[TimeControl "180+1"]
[EndTime "14:56:37 PST"]
[Termination "aa175 won on time"]

1. d4 Nf6 2. Nf3 b6 3. Bf4 Bb7 4. e3 e6 5. Nbd2 c5 6. Nc4 cxd4 7. exd4 d6 8. c3 Be7 9. Bd3 O-O 10. O-O a6 11. a4 Qc7 12. Qe2 Nbd7 13. h3 Rfe8 14.
Bh2 Bf8 15. Rfe1 g6 16. Qd1 Bc6 17. Qe2 Bb7 18. Qd1 Bc6 19. Qe2 Nd5 20. Ncd2 Qb7 21. Nc4 e5 22. dxe5 dxe5 23. Ncxe5 Nxe5 24. Nxe5 f6 25. b4 b5 26. axb5 axb5 27. Rxa8 Qxa8 28. Bxb5 fxe5 29. Bxe5 Bg7 30. f4 Bxe5 31. fxe5 Bxb5 32. Qxb5 Nxc3 33. Qc4+ Nd5 34. e6 Ne7 35. b5 Qd5 36.
Qe2 Nf5 37. b6 Qc5+ 38. Qf2 Qxf2+ 39. Kxf2 Rb8 40. g4 Ne7 41. Rb1 Kg7 42. g5 h6 43.
h4 hxg5 44. hxg5 Rb7 45. Kf3 Nc8 46. Rc1 Nxb6 47. Rb1 Kf8 48. Ke4 Ke7 49. Rf1 Nc4 50. Rf7+ Kxe6 51. Rf6+ Ke7 52. Rxg6 Nd6+ 53. Kd5 Nf7 54.
Re6+ Kd7 55. g6 1-0

[Event "Late-Titled-Tuesday-Blitz-February-13-2024"]
[Site "Chess.com"]
[Date "2024.02.13"]
[Round "5"]
[White "VitorBronson"]
[Black "CarlosjPineror"]
[Result "0-1"]
[WhiteElo "2505"]
[BlackElo "2690"]
[TimeControl "180+1"]
[EndTime "14:56:37 PST"]
[Termination "CarlosjPineror won by resignation"]

1. d4 Nf6 2. c4 e6 3. Nf3 Bb4+ 4.
Bd2 Qe7 5. a3 Bxd2+ 6. Qxd2 O-O 7. Nc3 d6 8. e4 e5 9. d5 a5 10.
b3 Nbd7 11. Bd3 Nc5 12. Bc2 Bg4 13. Ng1 Nh5 14. f3 Bd7 15. Nge2 f5 16. exf5 Bxf5 17. Bxf5 Rxf5 18. Ng3 Nxg3 19. hxg3 Nxb3 20. Qc2 Nd4 21. Qe4 h6 22. O-O Raf8 23. Rae1 Qg5 24. g4 Rf4 25.
Qd3 b6 26. Ne4 Qe7 27. Re3 R4f7 28. Nf2 Qd7 29. g5 hxg5 30. Qg6 Qf5 31. Qh5 g6 32. Qg4 Rh7 33. Qg3 Qf4 34. Qxf4 gxf4 35. Re4 Nf5 36. Rb1 Ng3 37. Ree1 Re7 38. Ne4 Nxe4 39. Rxe4 Kg7 40. Rbe1 Kf6 41. Kf2 Rh8 42. Kg1 g5 43. Rd1 Reh7 44.
Kf2 Rh1 45. Ree1 Rxe1 46. Rxe1 Kf5 47. Rd1 g4 48. fxg4+ Kxg4 49. c5 bxc5 50. Rb1 Kf5 51. Rb7 Ke4 52. Rxc7 Rb8 53. Ra7 Rb2+ 54. Kg1 Kxd5 55.
Rxa5 Kd4 56. Ra6 d5 57. Ra8 c4 58. a4 Ra2 59. a5 c3 60. Kh2 c2 61. Rc8 Kd3 62.
Rc5 d4 63. Kh3 e4 64. g4 fxg3 65. Kxg3 e3 66. Kf3 Kd2 67. Ke4 d3 68. Rh5 c1=Q 69. Rh2+ e2 0-1

[Event "Late-Titled-Tuesday-Blitz-February-13-2024"]
[Site "Chess.com"]
[Date "2024.02.13"]
[Round "5"]
[White "NitaLucian"]
[Black "ahmedkandiliii"]
[Result "0-1"]
[WhiteElo "2357"]
[BlackElo "2553"]
[TimeControl "180+1"]
[EndTime "14:56:38 PST"]
[Termination "ahmedkandiliii won by resignation"]

1. e4 e5 2. Nf3 Nc6 3. Bb5 a6 4.
Ba4 Nf6 5. d3 Bc5 6. O-O d6 7.
c3 O-O 8. Nbd2 Ba7 9. Bb3 Ne7 10. h3 Ng6 11. Nc4 Be6 12. Be3 b5 13. Na5 Bxe3 14.
fxe3 c5 15. Bxe6 Qxa5 16. Bb3 c4 17. dxc4 bxc4 18. Bxc4 Nxe4 19. Bd5 Ng3 20. Rf2 Rac8 21. Ng5 Rc7 22. Qf3 e4 23. Qd1 Ne5 24. Nxe4 Nxe4 25. Bxe4 Nc4 26. Qb3 Nxe3 27. Re1 Qc5 28. Ree2 d5 29. Bd3 d4 30. cxd4 Qxd4 31. Bxh7+ Kxh7 32. Qxe3 Rc1+ 33. Kh2 Qd6+ 34. Qe5 Qd1 35. Qh5+ Kg8 36. Qf3 Qg1+ 37. Kg3 Qd1 38. Re4 Qd6+ 39. Rf4 g5 40.
Qg4 Qg6 41. Rf5 f6 42. Qe4 Re8 43. Qd3 Rf8 44. Qxa6 Rc7 45. Qa7 Rxa7 46. Kh2 Qg7 47. h4 Raf7 48. hxg5 fxg5 49. R5f3 Rxf3 50. gxf3 Qe5+ 51.
Kg2 Qf4 52. Re2 g4 53. Rf2 gxf3+ 54. Kg1 Qg3+ 55. Kf1 Rd8 0-1